 Dungeon Crawl Stone Soup version 0.27-a0-720-g3f424a255b (webtiles) character file.

Game seed: 3698913488207476018

23 Ijustatesigmund the Skirmisher (level 2, -2/24 HPs)
             Began as a Demonspawn Fighter on Mar 23, 2021.
             Slain by Sigmund
             ... wielding a +0 scythe of protection
              (5 damage)
             ... on level 2 of the Dungeon.
             The game lasted 00:01:51 (1253 turns).

Ijustatesigmund the Skirmisher (Demonspawn Fighter) Turns: 1253, Time: 00:01:51

Health: -2/24      AC:  8    Str: 16    XL:     2   Next: 75%
Magic:  2/2        EV:  7    Int:  9    God:
Gold:   36         SH:  9    Dex: 12    Spells: 1/1 levels left

rFire    . . .     SeeInvis .   a - +0 war axe
rCold    . . .     Faith    .   c - +1 kite shield
rNeg     . . .     Spirit   .   b - +0 scale mail
rPois    .         Reflect  .   (no helmet)
rElec    .         Harm     .   (no cloak)
rCorr    .         Rampage  .   (no gloves)
Will     .....                  (no boots)
Stlth    ..........             (no amulet)
HPRegen  0.08/turn              (no ring)
MPRegen  0.08/turn              (no ring)

@: attractive, hasted, very quick
A: slimy green scales 1
a: no special abilities


You were on level 2 of the Dungeon.
You visited 1 branch of the dungeon, and saw 2 of its levels.

You collected 36 gold pieces.

Inventory:

Hand Weapons
 a - a +0 war axe (weapon)
Armour
 b - a +0 scale mail (worn)
 c - a +1 kite shield (worn)


   Skills:
 + Level 3.2 Fighting
 * Level 2.5 Axes
 - Level 2.6 Armour
 + Level 0.9 Dodging
 - Level 2.6 Shields


You had one spell level left.
You didn't know any spells.
Your spell library was empty.

Dungeon Overview and Level Annotations

Branches:
Dungeon (2/15)

Altars:

Annotations:
D:2 Sigmund


Innate Abilities, Weirdness & Mutations

You are partially covered in slimy green scales. (AC +2)


Message History

You block Sigmund's attack.
You hit Sigmund but do no damage.
Sigmund is lightly wounded.
Sigmund barely misses you.
You slash Sigmund!
Sigmund is moderately wounded.
You block Sigmund's attack.
You hit Sigmund but do no damage.
Sigmund is moderately wounded.
Sigmund barely misses you.
You hit Sigmund but do no damage.
Sigmund is moderately wounded.
Sigmund gestures at you while chanting.
You are confused.
You bump into the rock wall.
Sigmund hits you with a +0 scythe of protection!
You bump into the rock wall.
It was a potion of attraction.
You feel attractive to monsters. Sigmund barely misses you.
You bump into the rock wall.
Sigmund hits you with a +0 scythe of protection.
* * * LOW HITPOINT WARNING * * *
You bump into the rock wall.
You closely miss Sigmund.
Sigmund is moderately wounded.
Sigmund closely misses you. Sigmund barely misses you.
You bump into the rock wall.
You feel less confused.
You hit Sigmund.
Sigmund is heavily wounded.
You block Sigmund's attack.
You closely miss Sigmund.
Sigmund is heavily wounded.
Sigmund hits you but does no damage.
You barely miss Sigmund.
Sigmund is heavily wounded.
Sigmund barely misses you.
Sigmund hits you with a +0 scythe of protection.
You die...

#.# #.............
#.# ##########...#
#.# #...# #.# #...#
#.# #...# #.#
###+####...# #.#
###......#...# #.#
.........#### #@#
###.......####
#.@.......#.......
..)...............
...(..............>
#############.#.###.
#.#.# #. #.#.# #.
#.#.# ## #...####


You could see Sigmund.

Vanquished Creatures
  A giant cockroach (D:1)
  3 goblins (D:1)
  7 hobgoblins
  An ooze (D:1)
  2 ball pythons (D:1)
  2 bats (D:1)
  2 frilled lizards (D:1)
  2 kobolds (D:1)
20 creatures vanquished.

Notes
Turn   | Place    | Note
-------+----------+-------------------------------------------
     0 | D:1      | Ijustatesigmund the Demonspawn Fighter began the quest for
                  | the Orb.
     0 | D:1      | Reached XP level 1. HP: 18/18 MP: 1/1
   104 | D:1      | Gained mutation: You are partially covered in slimy green
                  | scales. (AC +2) [demonic ancestry]
   104 | D:1      | Reached XP level 2. HP: 13/24 MP: 2/2
  1228 | D:2      | Noticed Sigmund
  1253 | D:2      | Slain by Sigmund

Illustrated notes

Levels and vault maps discovered:
D:1:      lightli_arrival_chessboard, layout_rooms, serial_forest,
          infiniplex_forest_clump_medium, infiniplex_forest_straight_2,
          infiniplex_forest_pool, infiniplex_forest_end_2,
          infiniplex_forest_straight_3, infiniplex_forest_zigzag_2,
          chequers_serial_rivers_room_b, minmay_heptomino_d4
D:2:      minmay_inner_zag, layout_basic, uniq_sigmund

Skill      XL: |  1 |
---------------+----+-----
Axes           | 2 |  2.5
Fighting       | |  3.2
Armour         | |  2.6
Dodging        | |  0.9
Shields        | |  2.6

Action                   || total
-------------------------++-------
Melee: War axe           ||    76
  Use: Potion            ||     4
       Scroll            ||     4
Armor: Scale mail        ||    27
Dodge: Dodged            ||    33
Block: Kite shield       ||    48

Table legend: (Time is in decaauts)
 A = Elapsed time spent in this place.
 B = Non-inter-level travel time spent in this place.
 C = Inter-level travel time spent in this place.
 D = Time resting spent in this place.
 E = Time spent auto-exploring this place.
 F = Levels seen in this place.
 G = Mean time per level.
                   A        B        C        D        E       F      G
               +--------+--------+--------+--------+--------+-----+--------+
         Total |   1295 |   1281 |     14 |    270 |    802 |   2 |  647.5 |
       Dungeon |   1295 |   1281 |     14 |    270 |    802 |   2 |  647.5 |
               +--------+--------+--------+--------+--------+-----+--------+

Top non-repeatable levels by time:
     D:1: 1073 daAuts
     D:2: 221 daAuts
